← All builds
Suicide front / Armada / Economy first / OBSERVED BUILD

Mace bot assault

Armada Suicide front build order · Supreme Isthmus

Bot lab economy start committing early to Mace-led T1 bot assault from 2:10, pushing into the middle and occasionally into the enemy base.

#rush #push · 70 distinct matches · 18 players · 3% of Armada Suicide front games · team won 54% of 71 · Recently observed

THE CATCH, AND WHAT COMES WITH IT
  • MaceT1 bot assault from 2:10 · 11% of role by thenFrom the Bot Lab. Only 11% of Suicide front games have it by then; others who build it get it around 1:57
  • MaceMace in 94%5% of all Suicide front games by then
  • CenturionCenturion in 44%11% of all Suicide front games by then

Where those units first fight, in 71 games with kill data: in the middle 96%.

Those units destroy a typical 3,153 metal of enemy units by 15:00.

Then transitions into blitz (10% of army), centurion (8% of army).

HOW TO PLAY IT

Key timing: Mace by 2:10

  1. Open Bot Lab immediately with mex spread as usual.
  2. Push Mace assault out earlier than the role's normal pace.
  3. Lead with Mace to push middle and pressure the enemy base.
  4. Mix in Centurion for anti-swarm support on the push.
  5. Keep heavy Mace numbers flowing as your main bot ball.

Phase by phase

TYPICAL OF ITS 70 GAMES · AGAINST STANDARD SUICIDE FRONT
  1. 1
  2. 2
  3. 3
  4. 4
PLAY THE OPENING

Follow the example game's first 6:00 step by step: what to build now, what comes next, and where it goes. At 1× it keeps pace with your own game.

  1. 1

    Up to the Bot Lab

    Economy
    • Metal Extractor2Mex
    Order
    1. Bot LabBot Lab after 2 mexdone ~0:46, middle half 0:30–0:58

    Some games also: Sentry (45%)

    By 0:29 in all: 2 mex

    The example game in this phase · 3 steps
    1. Mex ×3
    2. Wind
    3. Bot LabBot Labdone 0:49 · typical 0:46
  2. 2

    Bot Lab to T1 bot assault

    Economy
    • Metal Extractor2Mex
    Order
    1. MaceT1 bot assault after 4 mex
    Builders
    • Construction Bot2 Con bot
    • Lazarus2 Lazarus
    Army
    • Sentry1 Sentry
    • Centurion1 Centurion
    Other
    • Radar Tower1 Radar Tower

    Some games also: wind (41%) · solar (37%)

    The standard build makes here, this one skips: 2 rocketeer

    By 2:10 in all: 4 mex

    The example game in this phase · 20 steps
    1. LazarusLazarus
    2. Wind ×2
    3. PawnPawn ×2
    4. Mex
    5. LazarusLazarus
    6. PawnPawn
    7. Construction BotCon bot ×4
    8. Mex
    9. CenturionCenturion ×2
    10. Mex
    11. CenturionCenturion
    12. Wind ×2
    13. SentrySentry
    14. Wind ×2
    15. CenturionCenturion
    16. Wind
    17. BeamerBeamer
    18. Wind
    19. CenturionCenturion ×2
    20. MaceMacedone 3:55
  3. 3

    T1 bot assault to 5:00

    Economy
    • Metal Extractor2Mex
    • Wind Turbine6Wind+3 vs standard
    Builders
    • Construction Turret1 Con turret
    • Lazarus1 Lazarus
    • Construction Bot1 Con bot
    Army
    • Sentry2 Sentry
    • Mace11 Mace +11 vs standard

    Some games also: Beamer (44%)

    The standard build makes here, this one skips: 16 rocketeer

    By 5:00 in all: 5 mex · 7 wind (standard 4) · 1 con turret

    The example game in this phase · 3 steps
    1. MaceMace ×5
    2. BeamerBeamer
    3. MaceMace ×4
  4. 4

    5:00 to 10:00

    Economy
    • Metal Extractor1Mex
    • Wind Turbine18Wind
    Builders
    • Construction Turret2 Con turret
    • Lazarus4 Lazarus +2 vs standard
    Army
    • Mace16 Mace +16 vs standard

    Some games also: centurion (39%) · Sentry (38%) · Radar Tower (37%) · Beamer (34%)

    The standard build makes here, this one skips: 8 rocketeer

    By 10:00 in all: 6 mex · 24 wind · 3 con turret

    The example game in this phase · 14 steps
    1. PawnPawn ×2
    2. OverwatchOverwatch
    3. BeamerBeamer
    4. PawnPawn
    5. Con turret
    6. MaceMace ×2
    7. BeamerBeamer
    8. MaceMace ×3
    9. SentrySentry
    10. MaceMace
    11. BeamerBeamer
    12. Con turret
    13. BeamerBeamer ×2
    14. CenturionCenturion

Counts are medians over the build's games: half of them build more, half fewer. The example game is RAM_GreedyDArc's (36 OS, 26/08/2026); pick another.

Team trades

IN AT LEAST 30% OF ITS GAMES

You hand over

Nothing regular.

You get

  • Tidal Generator4 Tidal from Pondfirst at 0:11 · in 63% of games
  • Advanced Construction Bot1 T2 con bot from Tech or Geofirst at 8:23 · in 46% of games

How it plays out

Typical game of this build against the role’s standard build, running totals by minute

  • This build
  • Standard suicide front

Metal produced

010k20k30k
0:005:0010:0015:00

metal

Enemy metal destroyed

05k10k15k
0:005:0010:0015:00

metal

Own metal lost

05k10k15k
0:005:0010:0015:00

metal

71 games.

Show as table
ByMetal produced: This buildMetal produced: Standard suicide frontEnemy metal destroyed: This buildEnemy metal destroyed: Standard suicide frontOwn metal lost: This buildOwn metal lost: Standard suicide front
1:003112260000
2:0097388931000
3:0020552051271180152106
4:0030513161796660575496
5:00417742431672141712301026
6:00534454342184230018681787
7:00649966724104317533612706
8:00749479244845403042603613
9:00873393165723479749214495
10:0010166106986738543258205318
11:0011501122537469591167766059
12:0013027141068173651880456829
13:0014529162269171702991307536
14:00157501809599657709102758373
15:001702220432107808348110459240
WHAT THE NUMBERS SAY

Dealt noticeably more damage than the standard build for slightly higher losses, but team win rate came in a bit lower.

  • + Enemy metal destroyed above standard at every checkpoint (11209 vs 8172 by 15:00).
  • + Mace timing at 2:10 is far ahead of the role's usual pace.
  • − Team win rate 52% versus standard's 58%.
  • − Metal produced trails standard by 15:00 (18386 vs 19882).
THE EXAMPLE YOU ARE READING

RAM_GreedyDArc

35.8 OS · 26/08/2026

Open source match ↗

4 received units
1 metal received · 1240 energy received

Allied construction assistance is unknown. Timings are observations, not a promise of solo reproducibility.

Typical milestones

Bot Lab0:46Middle 50%: 0:30–0:58 · n=71
Advanced Metal Extractor10:20Middle 50%: 8:58–11:15 · n=47

Played most by

[crd]sisa47games of this buildHorlof5games of this build_X_2games of this buildManBearPig_2games of this buildRAM_GreedyDArc2games of this build